 Dungeon Crawl Stone Soup version 0.25-a0-869-g05d4e06a41 (webtiles) character file.

Game seed: 9709879983458145103, levelgen mode: classic

674 Amnesiac the Frost Mage (level 7, -2/36 HPs)
             Began as a Deep Elf Ice Elementalist on May 1, 2020.
             Was a Follower of Vehumet.
             Slain by a phantom (5 damage)
             ... on level 4 of the Dungeon.
             The game lasted 00:12:36 (3931 turns).

Amnesiac the Frost Mage (Deep Elf Ice Elementalist) Turns: 3931, Time: 00:12:36

Health: -2/36      AC: 10    Str:  5    XL:     7   Next: 33%
Magic:  17/18      EV: 13    Int: 22    God:    Vehumet [*.....]
Gold:   192        SH:  0    Dex: 15    Spells: 8/19 levels left

rFire    . . .     SeeInvis .   b - +2 dagger (protect)
rCold    . . .     Gourm    .   (no shield)
rNeg     . . .     Faith    .   m - +0 robe
rPois    .         Spirit   .   s - +0 helmet
rElec    .         Reflect  .   (no cloak)
rCorr    .         Harm     .   (no gloves)
MR       +....                  (no boots)
Stlth    ++........             (no amulet)
HPRegen  0.12/turn              f - ring of protection from magic
MPRegen  0.16/turn              k - +1 ring of slaying

@: protection aura
A: no striking features
a: Renounce Religion


You were on level 4 of the Dungeon.
You worshipped Vehumet.
Vehumet was aware of your devotion.
You were not hungry.

You visited 2 branches of the dungeon, and saw 6 of its levels.

You collected 192 gold pieces.

Inventory:

Hand Weapons
 a - a +2 dagger of venom
 b - a +2 dagger of protection (weapon)
Missiles
 e - 73 sling bullets
 v - 6 poisoned darts (quivered)
Armour
 m - a +0 robe (worn)
 s - a +0 helmet (worn)
Jewellery
 f - a ring of protection from magic (left hand)
 k - a +1 ring of slaying (right hand)
Wands
 l - a wand of polymorph (2)
 u - a wand of random effects (17)
 x - a wand of digging (6)
Scrolls
 d - 4 scrolls of fear {!r}
 g - a scroll of blinking {!r, unknown}
 h - 2 scrolls of teleportation {!r}
 o - 3 scrolls of remove curse {!r}
 p - 3 scrolls of identify {!r, unknown}
 q - a scroll of fog {!r, unknown}
 r - a scroll of enchant armour {!r, unknown}
Potions
 i - 2 potions of curing {!q, unknown}
 j - a potion of stabbing {!q, unknown}
 n - a potion of cancellation {!q, unknown}
 t - a potion of might {!q, unknown}
 w - a potion of flight {!q, unknown}
Comestibles
 c - 6 rations


   Skills:
 + Level 2.7 Dodging
 + Level 2.7 Stealth
 + Level 6.5 Spellcasting
 * Level 8.3 Ice Magic
 + Level 0.6 Evocations


You had 8 spell levels left.
You knew the following spells:

 Your Spells              Type           Power        Failure   Level  Hunger
a - Freeze                Ice            ####         1%          1    None
b - Frozen Ramparts       Ice            #####.       1%          3    #......
c - Summon Ice Beast      Ice/Summ       ####....     16%         4    ###....
z - Ozocubu's Armour      Chrm/Ice       ####....     4%          3    #......

Your spell library contained the following spells:

 Spells                   Type           Power        Failure   Level  Hunger
 Foxfire                  Conj/Fire      #...         9%          1    None
 Beastly Appendage        Tmut           #.....       9%          1    None
 Sticks to Snakes         Tmut           #.......     13%         2    None
 Hailstorm                Conj/Ice       ####....     16%         4    ###....
 Ice Form                 Ice/Tmut       ####....     16%         4    ###....
 Spider Form              Tmut/Pois      #.........   26%         3    #......
 Blade Hands              Tmut           #.........   94%         5    #####..


Dungeon Overview and Level Annotations

Branches:
Dungeon (5/15)             Temple (1/1) D:4

Altars:
Elyvilon
Fedhas
Hepliaklqana
Okawaru
Ru
Sif Muna
Trog
Uskayaw
Vehumet
Xom
Yredelemnul

Shops:
D:4 =


Message History

The phantom is moderately damaged.
The phantom resists.
The wall freezes the phantom.
The phantom hits you but does no damage.
You hit the phantom but do no damage.
The phantom is moderately damaged.
The phantom resists.
The wall freezes the phantom.
The phantom closely misses you.
You miss the phantom.
The phantom is moderately damaged.
The phantom resists.
The wall freezes the phantom.
The phantom hits you.
The phantom blinks!
The phantom resists.
The wall freezes the phantom.
The phantom barely misses you.
Your +2 dagger of venom stops dripping with poison.
Your +2 dagger of protection hums with potential!
b - a +2 dagger of protection (weapon)
The phantom resists.
The wall freezes the phantom.
The phantom hits you.
The phantom blinks!
The phantom blinks!
The frozen ramparts melt away.
The phantom hits you.
* * * LOW HITPOINT WARNING * * *
The phantom blinks!
You hit the phantom but do no damage.
Your weapon exudes an aura of protection.
The phantom is moderately damaged.
The phantom closely misses you.
You hit the phantom.
The phantom is moderately damaged.
The phantom blinks!
The phantom hits you but does no damage.
You closely miss the phantom.
The phantom is moderately damaged.
The phantom misses you.
You closely miss the phantom.
The phantom is moderately damaged.
The phantom hits you.
* * * LOW HITPOINT WARNING * * *
The phantom blinks!
You hit the phantom but do no damage.
The phantom is moderately damaged.
The phantom hits you.
* * * LOW HITPOINT WARNING * * *
The phantom blinks!
The phantom barely misses you.
You barely miss the phantom.
The phantom is moderately damaged.
The phantom hits you.
* * * LOW HITPOINT WARNING * * *
You are too injured to fight recklessly!
You are too injured to fight recklessly!
You are too injured to fight recklessly!
You are too injured to fight recklessly!
You are too injured to fight recklessly!
You hit the phantom.
The phantom is heavily damaged.
The phantom hits you.
* * * LOW HITPOINT WARNING * * *
You hit the phantom.
The phantom is heavily damaged.
The phantom hits you but does no damage.
You closely miss the phantom.
The phantom is heavily damaged.
The phantom hits you.
You die...

#..#'#.......##.###..........####
##.'∩'.#.##.....##............#
.#.#'#####...........#.####...#
.........#.######....### #####
..##.###....# ##....#
..##.##..#.## #.....#
#........#########..##
........##...#..W##.# .......##
#..#@.#.# <....### #..#..#...#
....## #.§#..#..#### .##.#
##...#.?.# ##### #########


You could see a phantom.

Vanquished Creatures
  Purgy (D:4)
  A phantom (D:4)
  A hound (D:4)
  2 orc priests (D:4)
  5 orc wizards (D:4)
  Natasha (thrice) (D:3)
  Ijyb (D:3)
  A worker ant (D:4)
  4 adders
  2 oozes
  3 worms
  4 dart slugs
  2 leopard geckos (D:3)
  15 orcs
  9 bats
  3 giant cockroaches
  10 goblins
  10 hobgoblins
  7 jackals
  11 kobolds
  A quokka (D:3)
  A ball python (D:2)
  5 frilled lizards
  7 rats
109 creatures vanquished.

Notes
Turn   | Place    | Note
-------+----------+-------------------------------------------
     0 | D:1      | Amnesiac the Deep Elf Ice Elementalist began the quest for
                  | the Orb.
     0 | D:1      | Reached XP level 1. HP: 10/10 MP: 6/6
   227 | D:3      | Noticed Natasha
   233 | D:3      | Killed Natasha
   233 | D:3      | Reached skill level 5 in Ice Magic
   233 | D:3      | Reached XP level 2. HP: 3/15 MP: 1/8
   233 | D:3      | Reached XP level 3. HP: 3/19 MP: 1/10
   558 | D:3      | Noticed Ijyb
   649 | D:4      | Learned a level 3 spell: Frozen Ramparts
   653 | D:4      | Learned a level 3 spell: Ozocubu's Armour
   806 | D:4      | Reached XP level 4. HP: 16/24 MP: 6/12
   814 | D:4      | Learned a level 4 spell: Summon Ice Beast
   955 | D:3      | Killed Ijyb
   955 | D:3      | Reached skill level 6 in Ice Magic
  1127 | D:2      | Found an iron altar of Okawaru.
  1279 | D:5      | Entered Level 5 of the Dungeon
  1279 | D:5      | Noticed a phantom
  1305 | D:4      | Noticed Purgy
  1317 | D:4      | Killed Purgy
  1317 | D:4      | Reached skill level 5 in Spellcasting
  1317 | D:4      | Reached XP level 5. HP: 27/28 MP: 7/14
  1356 | D:4      | Reached skill level 7 in Ice Magic
  1356 | D:4      | Reached XP level 6. HP: 18/32 MP: 8/16
  1689 | D:4      | Found a staircase to the Ecumenical Temple.
  1697 | Temple   | Entered the Ecumenical Temple
  1702 | Temple   | Became a worshipper of Vehumet
  2382 | D:2      | Reached * piety under Vehumet
  2382 | D:2      | Offered knowledge of Foxfire by Vehumet.
  2535 | D:2      | Reached skill level 8 in Ice Magic
  2624 | D:2      | Reached XP level 7. HP: 22/36 MP: 18/18
  3028 | D:3      | Noticed Natasha
  3034 | D:3      | Killed Natasha
  3139 | D:3      | Noticed Natasha
  3430 | D:3      | Killed Natasha
  3749 | D:4      | Found Ithiotz's Jewellery Shop.
  3931 | D:4      | Slain by a phantom

Levels and vault maps discovered:
D:1:      dpeg_arrival_more_subterranean_lakeside_camping, layout_basic,
          lemuel_another_geyser
D:2:      layout_basic, okawaru_trees_2
D:3:      layout_basic, first_ration, grunt_ministairs_6, minivault_26,
          uniq_ijyb, uniq_natasha
D:4:      layout_cave_pools, marbit_many_paths, minmay_temple_entry_grid,
          serial_shops, nicolae_shop_behind_doors, uniq_purgy
D:5:      layout_basic, minmay_fractal_squares_diagonal_5, uniq_grinder
Temple:   grunt_wide_crystal_templ

Skill      XL: |  1  2  3  4  5  6 |
---------------+-------------------+-----
Ice Magic      | 5 6 7 8 |  8.3
Spellcasting   | 4 5 6 |  6.5
Dodging        | |  2.7
Stealth        | |  2.7
Evocations     | |  0.6

Action                   |  1- 3 |  4- 6 |  7- 9 || total
-------------------------+-------+-------+-------++-------
Melee: Unarmed           |    14 |     1 |       ||    15
       Dagger            |       |    56 |    46 ||   102
 Cast: Freeze            |    34 |    67 |    12 ||   113
       Frozen Ramparts   |     2 |    12 |     5 ||    19
       Summon Ice Beast  |       |     1 |       ||     1
  Use: Scroll            |     2 |     1 |       ||     3
 Stab: Sleeping          |       |     1 |     2 ||     3
       Distracted        |       |     1 |       ||     1
  Eat: Chunk             |       |     6 |     4 ||    10
Armor: Robe              |     4 |    41 |     7 ||    52
       Skin              |     2 |       |       ||     2
Dodge: Dodged            |    11 |    81 |    27 ||   119

Table legend:
 A = Non-vault XP
 B = Vault XP
 C = Vault XP percentage of total XP
 D = Non-vault monster count
 E = Vault monster count
 F = Vault count percentage of total count
                 A         B        C        D         E       F
            +---------+---------+-------+---------+---------+-------
      Total |     741 |     222 |  23.1 |     104 |       5 |   4.6
            +---------+---------+-------+---------+---------+-------
        D:1 |      50 |       0 |   0.0 |      27 |       0 |   0.0
        D:2 |      47 |       0 |   0.0 |      17 |       0 |   0.0
        D:3 |     140 |      88 |  38.6 |      31 |       4 |  11.4
        D:4 |     502 |     134 |  21.1 |      28 |       1 |   3.4
     Temple |       2 |       0 |   0.0 |       1 |       0 |   0.0
            +---------+---------+-------+---------+---------+-------
